 Dungeon Crawl Stone Soup version 0.29.0-4-gdea44cf6ec (webtiles) character file.

Game seed: 12867426746067581713

12096 qw the Blocker (level 11, 0/103 HPs)
             Began as a Gargoyle Berserker on Sept 6, 2022.
             Was an Elder of Trog.
             Slain by a komodo dragon (15 damage)
             ... on level 1 of the Lair of Beasts.
             The game lasted 00:04:36 (13052 turns).

qw the Blocker (Gargoyle Berserker)                Turns: 13052, Time: 00:04:36

Health: 0/103      AC: 30    Str: 29    XL:     11   Next: 88%
Magic:  0/3        EV:  9    Int:  8    God:    Trog [****..]
Gold:   523        SH: 16    Dex:  9    Spells: 10/10 levels left

rFire   + . .      SeeInvis +   Y - +3 broad axe (antimagic)
rCold   . . .      Faith    .   u - +0 tower shield
rNeg    + . .      Spirit   +   q - +0 plate armour {Will+}
rPois   inf        Reflect  .   a - +1 helmet
rElec   +          Harm     .   k - +2 cloak of Xeceesua {rF+ Str+4 SInv}
rCorr   .          Rampage  .   (no gloves)
Will    +....                   g - +2 pair of boots
Stlth   ..........              i - amulet of guardian spirit
HPRegen 0.27/turn               n - +4 ring of evasion
MPRegen 0.08/turn               h - +4 ring of slaying {mikee}

@: berserking, very quick
A: sickness immunity, AC +8, negative energy resistance 1, electricity
resistance, torment resistance 1, petrification resistance
a: Renounce Religion, Berserk, Trog's Hand, Brothers in Arms


You were on level 1 of the Lair of Beasts.
You worshipped Trog.
Trog was greatly pleased with you.
You visited 2 branches of the dungeon, and saw 11 of its levels.

You collected 576 gold pieces.
You spent 53 gold pieces at shops.


Innate Abilities, Weirdness & Mutations

You are immune to sickness and miasma.
Your stone body is resilient. (AC +8)
You are immune to poison.
You resist negative energy. (rN+)
You are resistant to electric shocks. (rElec)
You are resistant to unholy torment.
You are immune to petrification.


   Skills:
 - Level 8.3 Fighting
 + Level 10.0 Axes
 - Level 2.1 Throwing
 - Level 7.0 Armour
 - Level 1.5 Dodging
 - Level 13.1 Shields


You had 10 spell levels left.
You didn't know any spells.
Your spell library was empty.

Inventory:

Hand Weapons
 m - a +1 morningstar
 Y - a +3 antimagic broad axe (weapon)
Missiles
 s - 3 boomerangs (quivered)
Armour
 a - a +1 helmet (worn)
 e - a +0 hat of see invisible
 g - a +2 pair of boots (worn)
 k - the +2 cloak of Xeceesua (worn) {rF+ Str+4 SInv}
   (You found it on level 9 of the Dungeon)

   Str:       It affects your strength (+4).
   rF:        It protects you from fire.
   SInv:      It lets you see invisible.
 q - a +0 plate armour of willpower (worn)
 u - a +0 tower shield (worn)
Jewellery
 h - a +4 ring of slaying (right hand) {mikee}
 i - an amulet of guardian spirit (around neck)
 n - a +4 ring of evasion (left hand)
Scrolls
 b - a scroll of identify
Potions
 c - 2 potions of haste
 d - 5 potions of curing
 j - 3 potions of heal wounds
 l - a potion of might
 o - a potion of mutation

Dungeon Overview and Level Annotations

Branches:
Dungeon (10/15)            Temple (0/1) D:6            Lair (1/5) D:10
    Orc (0/2) D:10

Altars:
Elyvilon
Gozag
Makhleb
Okawaru
Qazlal
Vehumet
Zin

Shops:
D:3 *


Message History

You slash the death yak!
The death yak is severely wounded.
The death yak gores you. You block the death yak's attack.
You slice the death yak!!
The death yak is almost dead.
You block the death yak's attack.
You slice the death yak!!
You kill the death yak!
Trog accepts your kill.
You slice the death yak!!
The death yak is moderately wounded.
The death yak gores you but does no damage.
You block the death yak's attack.
You barely miss the death yak.
The death yak is moderately wounded.
You block the death yak's attack.
You hit the death yak.
The death yak is moderately wounded.
You block the death yak's attack.
You slice the death yak!!
The death yak is severely wounded.
The death yak gores you!
You hit the death yak.
The death yak is severely wounded.
You recover from your berserk rage.
You block the death yak's attack. The death yak closely misses you.
13049 ||| INVOKING Berserk.
A red film seems to cover your vision as you go berserk!
You feel yourself moving faster!
You feel mighty! The death yak gores you!
You hit the death yak.
The death yak is severely wounded.
You block the death yak's attack.
You slice the death yak!!
You kill the death yak!
Trog accepts your kill.
Your Fighting skill increases to level 8!
You closely miss the komodo dragon. The komodo dragon bites you!
You die...

##...............
#................
##..#.####.##....
#..#'#.#### ...
#..#......#
#.#.......##
#.##.......#
#.#.......##
#@##.....^#
#l####+#.## #.#
#.# #.. ... #..
.. #... #...
#..(.


You could see a komodo dragon.

Vanquished Creatures
  A two-headed ogre (D:9)
  5 death yaks (Lair:1)
  A komodo dragon (Lair:1)
  A vampire (D:10)
  4 wyverns
  16 yaks
  A steam dragon (D:8)
  Edmund (D:3)
  3 water moccasins
  3 sky beasts
  5 ice beasts
  4 black bears
  8 orc warriors
  An ogre (D:6)
  A centaur (D:9)
  A phantom (D:4)
  3 kobold brigands
  3 bullfrogs
  2 necrophages (D:5)
  4 scorpions
  5 wights
  5 killer bees (D:10)
  9 howler monkeys
  9 orc priests
  3 hounds
  A jelly (D:7)
  3 iguanas
  10 orc wizards
  Robin (D:4)
  7 gnolls (D:3)
  8 adders
  2 shadow imps (D:8)
  3 white imps
  2 ufetubi
  2 worms
  2 dart slugs (D:2)
  43 orcs
  4 bats
  6 endoplasms
  9 giant cockroaches
  45 goblins
  25 hobgoblins
  7 jackals
  14 kobolds
  2 quokkas (D:3)
  4 ball pythons
  6 frilled lizards
  4 rats
309 creatures vanquished.

Vanquished Creatures (collateral kills)
  A scorpion (D:10)
1 creature vanquished.

Vanquished Creatures (others)
  An endoplasm (D:3)
  A hobgoblin (D:3)
  A goblin (D:3)
  22 fungi (D:10)
  23 plants (D:10)
48 creatures vanquished.

Grand Total: 358 creatures vanquished

Notes
Turn   | Place    | Note
-------+----------+-------------------------------------------
     0 | D:1      | qw the Gargoyle Berserker began the quest for the Orb.
     0 | D:1      | Reached XP level 1. HP: 14/14 MP: 1/1
     0 | D:1      | 0 ||| qw: Version: 0.1-a-108-g9e35731
     0 | D:1      | 0 ||| qw: Game counter: 6307
     0 | D:1      | 0 ||| qw: Always use a shield: true
     0 | D:1      | 0 ||| qw: Do Orc after D:15 true
     0 | D:1      | 0 ||| qw: Do second Lair branch before Depths: true
     0 | D:1      | 0 ||| qw: Lair rune preference: random
     0 | D:1      | 0 ||| qw: Plans: Normal
     0 | D:1      | 0 ||| PLANNING D:1-11
   217 | D:1      | Reached skill level 3 in Axes
   291 | D:1      | Reached XP level 2. HP: 14/19 MP: 2/2
   300 | D:1      | 300 ||| Stepping ~*~*~tactically~*~*~ (stealth).
   306 | D:1      | 306 ||| Stepping ~*~*~tactically~*~*~ (stealth).
   307 | D:1      | 307 ||| Stepping ~*~*~tactically~*~*~ (stealth).
   895 | D:1      | 895 ||| DROPPING +0 club.
  1370 | D:1      | 1370 ||| UPGRADING to +2 pair of boots.
  1375 | D:1      | 1375 ||| UPGRADING to +0 ring mail.
  1385 | D:1      | 1385 ||| DROPPING +0 animal skin.
  1386 | D:1      | 1386 ||| READING scroll labelled NEWKEA RAULAA.
  1387 | D:1      | 1387 ||| READING scroll labelled DYUTUILUSA.
  1388 | D:1      | 1388 ||| DRINKING 2 brown potions.
  1403 | D:2      | 1403 ||| INVOKING Berserk.
  1422 | D:2      | 1422 ||| STAIRDANCE
  1620 | D:2      | Reached XP level 3. HP: 23/23 MP: 3/3
  1623 | D:2      | 1623 ||| Stepping ~*~*~tactically~*~*~ (hiding).
  1654 | D:2      | 1654 ||| Stepping ~*~*~tactically~*~*~ (hiding).
  1768 | D:2      | 1768 ||| Stepping ~*~*~tactically~*~*~ (stealth).
  2168 | D:2      | Reached XP level 4. HP: 24/28 MP: 4/4
  2254 | D:2      | Reached ** piety under Trog
  2281 | D:2      | 2281 ||| Stepping ~*~*~tactically~*~*~ (stealth).
  2665 | D:2      | 2665 ||| READING scroll labelled CIEDI LUANN.
  2666 | D:2      | 2666 ||| READING scroll labelled REPOCUA GAWUY.
  2879 | D:3      | Found Jitwynn's Assorted Antiques.
  2901 | D:3      | 2901 ||| SHOPLISTING chain mail (126 gold, have 63).
  2901 | D:3      | 2901 ||| BUYING metallic sapphire potion (25 gold).
  2901 | D:3      | Bought a metallic sapphire potion for 25 gold pieces
  2901 | D:3      | 2901 ||| SHOPLISTING potion of curing (84 gold, have 38).
  2901 | D:3      | 2901 ||| BUYING scroll labelled EQORUOZ PONGI (28 gold).
  2901 | D:3      | Bought a scroll labelled EQORUOZ PONGI for 28 gold pieces
  2901 | D:3      | 2901 ||| SHOPLISTING scroll labelled XOAWING LAGOU (28
                  | gold, have 10).
  2901 | D:3      | 2901 ||| SHOPLISTING scroll labelled YHUNNO WON MAFF (28
                  | gold, have 10).
  2901 | D:3      | 2901 ||| SHOPLISTING silver ring (140 gold, have 10).
  3112 | D:3      | 3112 ||| Stepping ~*~*~tactically~*~*~ (stealth).
  3113 | D:3      | 3113 ||| Stepping ~*~*~tactically~*~*~ (stealth).
  3124 | D:3      | 3124 ||| INVOKING Berserk.
  3313 | D:3      | 3313 ||| Stepping ~*~*~tactically~*~*~ (hiding).
  3324 | D:3      | 3324 ||| FLEEEEING.
  3325 | D:3      | 3325 ||| FLEEEEING.
  3326 | D:3      | 3326 ||| FLEEEEING.
  3327 | D:3      | 3327 ||| FLEEEEING.
  3331 | D:3      | 3331 ||| FLEEEEING.
  3332 | D:3      | 3332 ||| FLEEEEING.
  3333 | D:3      | 3333 ||| FLEEEEING.
  3334 | D:3      | 3334 ||| FLEEEEING.
  3335 | D:3      | 3335 ||| FLEEEEING.
  3340 | D:3      | 3340 ||| Stepping ~*~*~tactically~*~*~ (hiding).
  3341 | D:3      | 3341 ||| Stepping ~*~*~tactically~*~*~ (hiding).
  3395 | D:3      | 3395 ||| INVOKING Berserk.
  3402 | D:3      | Reached XP level 5. HP: 32/32 MP: 5/5
  3520 | D:3      | 3520 ||| Stepping ~*~*~tactically~*~*~ (hiding).
  3633 | D:3      | 3633 ||| INVOKING Berserk.
  3787 | D:3      | 3787 ||| INVOKING Berserk.
  3943 | D:3      | 3943 ||| DROPPING +0 whip.
  4014 | D:3      | Reached *** piety under Trog
  4041 | D:3      | 4041 ||| Stepping ~*~*~tactically~*~*~ (stealth).
  4068 | D:3      | 4068 ||| INVOKING Berserk.
  4077 | D:3      | 4077 ||| Stepping ~*~*~tactically~*~*~ (hiding).
  4089 | D:3      | Reached XP level 6. HP: 29/38 MP: 6/6
  4131 | D:3      | 4131 ||| FLEEEEING.
  4132 | D:3      | 4132 ||| FLEEEEING.
  4133 | D:3      | 4133 ||| FLEEEEING.
  4134 | D:3      | 4134 ||| FLEEEEING.
  4135 | D:3      | 4135 ||| FLEEEEING.
  4136 | D:3      | 4136 ||| FLEEEEING.
  4137 | D:3      | 4137 ||| FLEEEEING.
  4138 | D:3      | 4138 ||| FLEEEEING.
  4139 | D:3      | 4139 ||| FLEEEEING.
  4143 | D:3      | 4143 ||| FLEEEEING.
  4144 | D:3      | 4144 ||| FLEEEEING.
  4145 | D:3      | 4145 ||| FLEEEEING.
  4146 | D:3      | 4146 ||| FLEEEEING.
  4147 | D:3      | 4147 ||| FLEEEEING.
  4148 | D:3      | 4148 ||| FLEEEEING.
  4149 | D:3      | 4149 ||| FLEEEEING.
  4150 | D:3      | 4150 ||| FLEEEEING.
  4155 | D:3      | 4155 ||| FLEEEEING.
  4159 | D:3      | 4159 ||| FLEEEEING.
  4160 | D:3      | 4160 ||| FLEEEEING.
  4161 | D:3      | 4161 ||| FLEEEEING.
  4162 | D:3      | 4162 ||| FLEEEEING.
  4163 | D:3      | 4163 ||| FLEEEEING.
  4164 | D:3      | 4164 ||| FLEEEEING.
  4165 | D:3      | 4165 ||| FLEEEEING.
  4166 | D:3      | 4166 ||| FLEEEEING.
  4167 | D:3      | 4167 ||| FLEEEEING.
  4168 | D:3      | 4168 ||| FLEEEEING.
  4169 | D:3      | 4169 ||| FLEEEEING.
  4170 | D:3      | 4170 ||| FLEEEEING.
  4176 | D:3      | 4176 ||| STAIRDANCE
  4221 | D:2      | 4221 ||| UPGRADING to +0 scale mail.
  4231 | D:2      | 4231 ||| DROPPING +0 ring mail.
  4232 | D:2      | 4232 ||| UPGRADING to +0 tower shield.
  4237 | D:2      | 4237 ||| UPGRADING to +4 ring of evasion.
  4238 | D:2      | 4238 ||| READING scroll labelled HUSKUI ZULASOQ.
  4242 | D:2      | 4242 ||| READING scroll labelled ZENIMA NARAD.
  4243 | D:2      | 4243 ||| READING scroll labelled QINOLU XIACU.
  4244 | D:2      | 4244 ||| READING scroll labelled EQORUOZ PONGI.
  4305 | D:2      | 4305 ||| READING scroll labelled WOHUEK ICIS.
  4306 | D:2      | 4306 ||| READING scroll labelled XINICI ILOELOEPP.
  4307 | D:2      | 4307 ||| READING 3 scrolls of identify.
  4307 | D:2      | 4307 ||| IDENTIFYING fizzy orange potion
  4308 | D:2      | 4308 ||| READING 2 scrolls of identify.
  4308 | D:2      | 4308 ||| IDENTIFYING emerald potion
  4309 | D:2      | 4309 ||| DROPPING potion of flight.
  4639 | D:4      | 4639 ||| STAIRDANCE
  4644 | D:4      | 4644 ||| STAIRDANCE
  4705 | D:4      | Noticed Edmund
  4706 | D:4      | 4706 ||| STAIRDANCE
  4714 | D:3      | Reached skill level 1 in Shields
  4728 | D:4      | 4728 ||| STAIRDANCE
  4728 | D:4      | Noticed Robin
  4730 | D:3      | 4730 ||| INVOKING Berserk.
  4736 | D:3      | Reached skill level 2 in Shields
  4749 | D:3      | HP: 9/38 [Edmund/+0 flail of draining (4)]
  4750 | D:3      | 4750 ||| DRINKING potion of heal wounds.
  4756 | D:3      | HP: 5/38 [Edmund/+0 flail of draining (9)]
  4758 | D:3      | Killed Edmund
  4759 | D:3      | Reached skill level 3 in Shields
  5024 | D:3      | 5024 ||| DROPPING +0 flail.
  5025 | D:3      | 5025 ||| UPGRADING to +0 chain mail.
  5035 | D:3      | 5035 ||| DROPPING +0 scale mail.
  5039 | D:4      | 5039 ||| STAIRDANCE
  5041 | D:3      | Reached **** piety under Trog
  5047 | D:4      | 5047 ||| STAIRDANCE
  5051 | D:3      | Reached XP level 7. HP: 43/43 MP: 7/7
  5054 | D:4      | 5054 ||| INVOKING Berserk.
  5057 | D:4      | Killed Robin
  5058 | D:4      | Reached skill level 4 in Shields
  5136 | D:4      | Found an iron altar of Okawaru.
  5203 | D:4      | 5203 ||| INVOKING Berserk.
  5206 | D:4      | Reached skill level 5 in Shields
  5393 | D:4      | Found a stormy altar of Qazlal.
  5414 | D:4      | 5414 ||| INVOKING Berserk.
  5627 | D:4      | Reached skill level 6 in Shields
  5691 | D:4      | Found a white marble altar of Elyvilon.
  5770 | D:4      | 5770 ||| UPGRADING to +0 helmet.
  5775 | D:4      | 5775 ||| READING scroll of enchant armour.
  5775 | D:4      | 5775 ||| ENCHANTING +0 helmet.
  5776 | D:4      | 5776 ||| READING scroll labelled NYEGUB TYBBE.
  5777 | D:4      | 5777 ||| DRINKING 2 bubbling white potions.
  5778 | D:4      | 5778 ||| DRINKING 2 metallic sapphire potions.
  5779 | D:4      | 5779 ||| READING 3 scrolls of identify.
  5779 | D:4      | 5779 ||| IDENTIFYING red potion
  5780 | D:4      | 5780 ||| READING 2 scrolls of identify.
  5780 | D:4      | 5780 ||| IDENTIFYING bubbling green potion
  5781 | D:4      | 5781 ||| DROPPING potion of brilliance.
  5782 | D:4      | 5782 ||| DROPPING potion of invisibility.
  5783 | D:4      | 5783 ||| DROPPING potion of ambrosia.
  5784 | D:4      | 5784 ||| DROPPING potion of degeneration.
  5812 | D:5      | Entered Level 5 of the Dungeon
  5815 | D:5      | 5815 ||| Stepping ~*~*~tactically~*~*~ (stealth).
  5845 | D:5      | 5845 ||| INVOKING Berserk.
  5997 | D:5      | 5997 ||| INVOKING Berserk.
  6004 | D:5      | Reached XP level 8. HP: 27/48 MP: 8/8
  6079 | D:5      | 6079 ||| Stepping ~*~*~tactically~*~*~ (stealth).
  6340 | D:5      | 6340 ||| Stepping ~*~*~tactically~*~*~ (stealth).
  6414 | D:5      | Reached skill level 7 in Shields
  6585 | D:5      | Found a burning altar of Makhleb.
  6588 | D:5      | Found a glowing silver altar of Zin.
  6588 | D:5      | Noticed an angel
  6589 | D:5      | Noticed a green death
  6890 | D:5      | 6890 ||| UPGRADING to +4 ring of slaying {mikee}.
  6891 | D:5      | 6891 ||| READING scroll labelled NEPNYB VEUHINUT.
  6974 | D:6      | Reached skill level 8 in Shields
  6988 | D:6      | Found a staircase to the Ecumenical Temple.
  6997 | D:6      | 6997 ||| INVOKING Berserk.
  7110 | D:6      | 7110 ||| Stepping ~*~*~tactically~*~*~ (stealth).
  7111 | D:6      | 7111 ||| Stepping ~*~*~tactically~*~*~ (stealth).
  7119 | D:6      | 7119 ||| Stepping ~*~*~tactically~*~*~ (stealth).
  7207 | D:6      | 7207 ||| Stepping ~*~*~tactically~*~*~ (stealth).
  7222 | D:6      | Reached skill level 9 in Shields
  7453 | D:6      | 7453 ||| INVOKING Berserk.
  7460 | D:6      | Reached skill level 3 in Armour
  7677 | D:6      | 7677 ||| READING scroll labelled RIUREG HISOR.
  7678 | D:6      | 7678 ||| READING scroll labelled VEVAUXTEOHI.
  7779 | D:6      | 7779 ||| DRINKING 2 grey potions.
  7809 | D:6      | 7809 ||| DROPPING potion of lignification.
  7833 | D:7      | 7833 ||| Stepping ~*~*~tactically~*~*~ (hiding).
  7836 | D:7      | 7836 ||| Stepping ~*~*~tactically~*~*~ (hiding).
  7882 | D:7      | 7882 ||| INVOKING Berserk.
  7886 | D:7      | Reached skill level 6 in Axes
  7886 | D:7      | Reached XP level 9. HP: 52/52 MP: 9/9
  8072 | D:7      | Found an opulent altar of Gozag.
  8159 | D:7      | 8159 ||| Stepping ~*~*~tactically~*~*~ (stealth).
  8169 | D:7      | 8169 ||| INVOKING Berserk.
  8307 | D:7      | 8307 ||| Stepping ~*~*~tactically~*~*~ (stealth).
  8383 | D:7      | 8383 ||| Stepping ~*~*~tactically~*~*~ (hiding).
  8388 | D:7      | 8388 ||| INVOKING Berserk.
  8495 | D:7      | Reached skill level 10 in Shields
  8917 | D:7      | 8917 ||| UPGRADING to +0 plate armour.
  8927 | D:7      | 8927 ||| DROPPING +0 chain mail.
  8928 | D:7      | 8928 ||| UPGRADING to amulet of guardian spirit.
  8933 | D:7      | 8933 ||| READING scroll labelled AFRUEM AR TOWOCK.
  8933 | D:7      | Identified a scroll of acquirement
  8933 | D:7      | 8933 ||| ACQUIRING +0 hat of see invisible
  8933 | D:7      | Acquired a +0 hat of see invisible
  8935 | D:7      | 8935 ||| UPGRADING to +0 hat of see invisible.
  9046 | D:8      | 9046 ||| FLEEEEING.
  9047 | D:8      | 9047 ||| FLEEEEING.
  9048 | D:8      | 9048 ||| FLEEEEING.
  9049 | D:8      | 9049 ||| FLEEEEING.
  9050 | D:8      | 9050 ||| FLEEEEING.
  9180 | D:8      | 9180 ||| Stepping ~*~*~tactically~*~*~ (hiding).
  9330 | D:8      | Reached skill level 11 in Shields
  9330 | D:8      | Reached XP level 10. HP: 59/59 MP: 10/10
  9370 | D:8      | 9370 ||| Stepping ~*~*~tactically~*~*~ (hiding).
  9467 | D:8      | 9467 ||| Stepping ~*~*~tactically~*~*~ (stealth).
  9671 | D:8      | 9671 ||| FLEEEEING.
  9672 | D:8      | 9672 ||| FLEEEEING.
  9700 | D:8      | 9700 ||| FLEEEEING.
  9796 | D:8      | 9796 ||| FLEEEEING.
  9839 | D:8      | Reached skill level 6 in Fighting
  9878 | D:8      | 9878 ||| INVOKING Berserk.
  9917 | D:8      | 9917 ||| FLEEEEING.
  9918 | D:8      | 9918 ||| FLEEEEING.
  9919 | D:8      | 9919 ||| FLEEEEING.
  9920 | D:8      | 9920 ||| FLEEEEING.
  9921 | D:8      | 9921 ||| FLEEEEING.
  9922 | D:8      | 9922 ||| FLEEEEING.
  9923 | D:8      | 9923 ||| FLEEEEING.
  9924 | D:8      | 9924 ||| FLEEEEING.
  9925 | D:8      | 9925 ||| FLEEEEING.
  9926 | D:8      | 9926 ||| FLEEEEING.
  9927 | D:8      | 9927 ||| FLEEEEING.
  9928 | D:8      | 9928 ||| FLEEEEING.
  9929 | D:8      | 9929 ||| FLEEEEING.
  9930 | D:8      | 9930 ||| FLEEEEING.
  9933 | D:8      | 9933 ||| FLEEEEING.
  9934 | D:8      | 9934 ||| FLEEEEING.
  9942 | D:8      | 9942 ||| STAIRDANCE
 10010 | D:7      | 10010 ||| DROPPING +2 hat.
 10011 | D:7      | 10011 ||| READING 2 scrolls of identify.
 10011 | D:7      | 10011 ||| IDENTIFYING puce potion
 10136 | D:8      | 10136 ||| DROPPING +0 flail of draining.
 10335 | D:9      | Noticed a two-headed ogre
 10336 | D:9      | 10336 ||| Stepping ~*~*~tactically~*~*~ (hiding).
 10337 | D:9      | 10337 ||| INVOKING Berserk.
 10342 | D:9      | Killed a two-headed ogre
 10458 | D:9      | 10458 ||| Stepping ~*~*~tactically~*~*~ (hiding).
 10459 | D:9      | 10459 ||| Stepping ~*~*~tactically~*~*~ (hiding).
 10462 | D:9      | Reached ***** piety under Trog
 10463 | D:9      | Reached skill level 9 in Axes
 10463 | D:9      | 10463 ||| FLEEEEING.
 10465 | D:9      | 10465 ||| FLEEEEING.
 10466 | D:9      | 10466 ||| FLEEEEING.
 10467 | D:9      | 10467 ||| FLEEEEING.
 10468 | D:9      | 10468 ||| FLEEEEING.
 10469 | D:9      | 10469 ||| FLEEEEING.
 10470 | D:9      | 10470 ||| FLEEEEING.
 10471 | D:9      | 10471 ||| FLEEEEING.
 10472 | D:9      | 10472 ||| FLEEEEING.
 10473 | D:9      | 10473 ||| FLEEEEING.
 10474 | D:9      | 10474 ||| FLEEEEING.
 10475 | D:9      | 10475 ||| FLEEEEING.
 10480 | D:9      | 10480 ||| FLEEEEING.
 10481 | D:9      | 10481 ||| FLEEEEING.
 10482 | D:9      | 10482 ||| FLEEEEING.
 10483 | D:9      | 10483 ||| FLEEEEING.
 10484 | D:9      | 10484 ||| FLEEEEING.
 10485 | D:9      | 10485 ||| FLEEEEING.
 10486 | D:9      | 10486 ||| FLEEEEING.
 10487 | D:9      | 10487 ||| FLEEEEING.
 10488 | D:9      | 10488 ||| FLEEEEING.
 10489 | D:9      | 10489 ||| FLEEEEING.
 10490 | D:9      | 10490 ||| FLEEEEING.
 10491 | D:9      | 10491 ||| FLEEEEING.
 10492 | D:9      | 10492 ||| FLEEEEING.
 10493 | D:9      | 10493 ||| FLEEEEING.
 10494 | D:9      | 10494 ||| FLEEEEING.
 10495 | D:9      | 10495 ||| FLEEEEING.
 10496 | D:9      | 10496 ||| FLEEEEING.
 10497 | D:9      | 10497 ||| FLEEEEING.
 10498 | D:9      | 10498 ||| STAIRDANCE
 10526 | D:8      | 10526 ||| DRINKING 2 silvery potions.
 10527 | D:8      | 10527 ||| READING 2 scrolls of identify.
 10527 | D:8      | 10527 ||| IDENTIFYING sedimented emerald potion
 10531 | D:9      | 10531 ||| INVOKING Berserk.
 10661 | D:9      | 10661 ||| SWAPPING to +0 war axe.
 10662 | D:9      | 10662 ||| DROPPING +1 spectral hand axe.
 10697 | D:9      | Identified the +2 cloak of Xeceesua {rF+ Str+4 SInv}
 10910 | D:9      | 10910 ||| Stepping ~*~*~tactically~*~*~ (stealth).
 10984 | D:9      | 10984 ||| DROPPING +0 morningstar.
 10985 | D:9      | 10985 ||| READING scroll of enchant weapon.
 10985 | D:9      | 10985 ||| ENCHANTING +0 war axe.
 11035 | D:9      | 11035 ||| Stepping ~*~*~tactically~*~*~ (hiding).
 11040 | D:9      | 11040 ||| INVOKING Berserk.
 11044 | D:9      | Reached skill level 12 in Shields
 11475 | D:9      | 11475 ||| UPGRADING to +2 cloak of Xeceesua {rF+ Str+4
                  | SInv}.
 11480 | D:9      | 11480 ||| UPGRADING to +1 helmet.
 11490 | D:9      | 11490 ||| UPGRADING to +0 plate armour of willpower.
 11500 | D:9      | 11500 ||| DROPPING +0 plate armour.
 11501 | D:9      | 11501 ||| DROPPING ring of willpower.
 11538 | D:10     | Entered Level 10 of the Dungeon
 11605 | D:10     | Received a gift from Trog
 11610 | D:10     | 11610 ||| INVOKING Berserk.
 11612 | D:10     | Reached skill level 6 in Armour
 11612 | D:10     | Reached XP level 11. HP: 40/64 MP: 5/11
 11623 | D:10     | 11623 ||| INVOKING Brothers in Arms.
 11686 | D:10     | 11686 ||| FLEEEEING.
 11806 | D:10     | 11806 ||| SWAPPING to +3 antimagic broad axe.
 11807 | D:10     | 11807 ||| DROPPING +1 war axe.
 11809 | D:10     | 11809 ||| Stepping ~*~*~tactically~*~*~ (stealth).
 11840 | D:10     | 11840 ||| INVOKING Berserk.
 11874 | D:10     | 11874 ||| Stepping ~*~*~tactically~*~*~ (stealth).
 11879 | D:10     | 11879 ||| FLEEEEING.
 11883 | D:10     | 11883 ||| Stepping ~*~*~tactically~*~*~ (stealth).
 11888 | D:10     | 11888 ||| FLEEEEING.
 11895 | D:10     | 11895 ||| Stepping ~*~*~tactically~*~*~ (stealth).
 11928 | D:10     | Found a staircase to the Lair.
 11930 | D:10     | 11930 ||| Stepping ~*~*~tactically~*~*~ (stealth).
 11945 | D:10     | 11945 ||| Stepping ~*~*~tactically~*~*~ (stealth).
 11953 | D:10     | 11953 ||| Stepping ~*~*~tactically~*~*~ (hiding).
 11962 | D:10     | 11962 ||| Stepping ~*~*~tactically~*~*~ (stealth).
 11969 | D:10     | 11969 ||| Stepping ~*~*~tactically~*~*~ (stealth).
 11977 | D:10     | Found a staircase to the Orcish Mines.
 11978 | D:10     | 11978 ||| INVOKING Berserk.
 12089 | D:10     | 12089 ||| Stepping ~*~*~tactically~*~*~ (stealth).
 12105 | D:10     | 12105 ||| INVOKING Berserk.
 12306 | D:10     | 12306 ||| Stepping ~*~*~tactically~*~*~ (stealth).
 12321 | D:10     | 12321 ||| Stepping ~*~*~tactically~*~*~ (hiding).
 12323 | D:10     | 12323 ||| INVOKING Berserk.
 12473 | D:10     | Found a radiant altar of Vehumet.
 12710 | D:10     | 12710 ||| Stepping ~*~*~tactically~*~*~ (stealth).
 12740 | D:10     | 12740 ||| PLANNING LAIR
 12740 | D:10     | 12740 ||| READING scroll labelled LIAFAFREDIL.
 12769 | D:10     | 12769 ||| READING scroll labelled YHUNNO WON MAFF.
 12780 | Lair:1   | Entered Level 1 of the Lair of Beasts
 12784 | Lair:1   | 12784 ||| INVOKING Berserk.
 13000 | Lair:1   | Noticed a death yak
 13000 | Lair:1   | Noticed a death yak
 13004 | Lair:1   | 13004 ||| INVOKING Berserk.
 13004 | Lair:1   | Noticed a death yak
 13005 | Lair:1   | Noticed a death yak
 13005 | Lair:1   | Noticed a death yak
 13011 | Lair:1   | Killed a death yak
 13019 | Lair:1   | Killed a death yak
 13029 | Lair:1   | Killed a death yak
 13030 | Lair:1   | Reached skill level 13 in Shields
 13043 | Lair:1   | Killed a death yak
 13049 | Lair:1   | 13049 ||| INVOKING Berserk.
 13049 | Lair:1   | HP: 14/102 [death yak (14)]
 13051 | Lair:1   | Killed a death yak
 13052 | Lair:1   | Slain by a komodo dragon

Levels and vault maps discovered:
D:1:      amcnicky_arrival_wind_blow, layout_basic
D:2:      mumra_celtic_spiral_tile, layout_basic
D:3:      minmay_goblin_kobold_castle, layout_rooms, serial_shops, shop
D:4:      layout_rooms, mainiacjoe_overflow_concentric_impassable,
          general_overflow_altar, okawaru_metal_pillars_3, uniq_robin,
          uniq_edmund
D:5:      layout_loops_cross, grunt_temple_overflow_order_and_chaos_2,
          nrook_uturn
D:6:      layout_rooms, minmay_temple_entry_ruins, serial_rivers,
          chequers_serial_rivers_micro_e, chequers_serial_rivers_small_3,
          chequers_serial_rivers_small_a, chequers_serial_rivers_large_b,
          chequers_serial_rivers_micro_b, chequers_serial_rivers_micro_b
D:7:      layout_gridville, grunt_gozag_breadcrumbs, nicolae_hexahallways
D:8:      minmay_four_partial_circles, layout_basic, minmay_misc_feat_x
D:9:      layout_loops_ring
D:10:     layout_roguey, vehumet_crystals, grunt_lair_entry_orc_guard_hut,
          david_orc_5
Lair:1:   layout_regular_city, lemuel_fruit_fields, serial_bayou_shore_a,
          lemuel_fruit_tree, grunt_megastairs_1, uniq_grum

Skill      XL: |  1  2  3  4  5  6  7  8  9 10 11 |
---------------+----------------------------------+-----
Axes           | 3 4 5 6 7 9 10 | 10.0
Fighting       | 4 5 6 8 |  8.3
Shields        | 3 6 9 11 12 13 | 13.1
Throwing       | 2 |  2.1
Armour         | 3 4 6 7 |  7.0
Dodging        | |  1.5

Action                   |  1- 3 |  4- 6 |  7- 9 | 10-12 || total
-------------------------+-------+-------+-------+-------++-------
Melee: Hand axe          |    93 |   219 |   263 |    81 ||   656
       Punch             |       |     1 |       |       ||     1
       War axe           |       |       |       |    62 ||    62
       Broad axe         |       |       |       |   137 ||   137
Throw: Boomerang         |    14 |    17 |       |     6 ||    37
       Javelin           |       |       |    40 |    15 ||    55
Invok: Berserk           |     1 |     6 |    10 |    12 ||    29
       Brothers in Arms  |       |       |       |     1 ||     1
  Use: Scroll            |     2 |    10 |     8 |     5 ||    25
       Potion            |     1 |     1 |     3 |     1 ||     6
 Stab: Distracted        |       |       |     1 |       ||     1
Armor: Animal skin       |    22 |       |       |       ||    22
       Ring mail         |    20 |    88 |       |       ||   108
       Scale mail        |       |    58 |       |       ||    58
       Chain mail        |       |     3 |   112 |       ||   115
       Plate armour      |       |       |     6 |    98 ||   104
Dodge: Dodged            |    45 |   165 |    73 |    63 ||   346
Block: Tower shield      |       |    53 |   176 |   192 ||   421

Table legend:
 A = Non-vault XP
 B = Vault XP
 C = Vault XP percentage of total XP
 D = Non-vault monster count
 E = Vault monster count
 F = Vault count percentage of total count
                 A         B        C        D         E       F
            +---------+---------+-------+---------+---------+-------
      Total |   14494 |    2787 |  16.1 |     197 |     113 |  36.5
            +---------+---------+-------+---------+---------+-------
        D:1 |      28 |       0 |   0.0 |      17 |       0 |   0.0
        D:2 |      80 |       0 |   0.0 |      23 |       0 |   0.0
        D:3 |     152 |     357 |  70.1 |      21 |      67 |  76.1
        D:4 |     365 |      18 |   4.7 |      17 |       2 |  10.5
        D:5 |     600 |       0 |   0.0 |       8 |       0 |   0.0
        D:6 |     617 |       0 |   0.0 |       9 |       0 |   0.0
        D:7 |    1085 |       0 |   0.0 |      28 |       0 |   0.0
        D:8 |    1805 |    1356 |  42.9 |      16 |      16 |  50.0
        D:9 |    2161 |       0 |   0.0 |      17 |       0 |   0.0
       D:10 |    3002 |    1056 |  26.0 |      34 |      28 |  45.2
     Lair:1 |    4599 |       0 |   0.0 |       7 |       0 |   0.0
            +---------+---------+-------+---------+---------+-------
